 Dungeon Crawl Stone Soup version 0.23.0-3-gf3c87f2 (webtiles) character file.

Game seed: 6188019287383215458

487 night the Magician (level 6, -5/41 HPs)
             Began as a Mummy Summoner on Feb 19, 2019.
             Killed from afar by an orc wizard (15 damage)
             ... with a puff of flame
             ... on level 5 of the Dungeon on Feb 24, 2019.
             The game lasted 00:19:44 (5295 turns).

night the Magician (Mummy Summoner)                 Turns: 5295, Time: 00:19:46

Health: -5/41      AC:  3    Str: 11    XL:     6   Next: 89%
Magic:  1/14       EV: 12    Int: 16    God:
Gold:   172        SH:  0    Dex: 13    Spells: 2/15 levels left

rFire    x . .     SeeInvis .   c - +0 short sword
rCold    + . .     Gourm    .   (no shield)
rNeg     + + +     Faith    .   a - +0 robe
rPois    ∞         Spirit   .   (no helmet)
rElec    .         Reflect  .   (no cloak)
rCorr    .         Harm     .   (no gloves)
MR       .....                  i - +0 pair of boots
Stlth    ++........             d - amulet of inaccuracy (curse)
HPRegen  0.13/turn              (no ring)
MPRegen  0.14/turn              (no ring)

@: very slightly contaminated
A: no food or potions, fire vulnerability, cold resistance 1, negative energy
resistance 3, torment resistance, unbreathing
a: no special abilities


You were on level 5 of the Dungeon.
You were not hungry.

You visited 1 branch of the dungeon, and saw 5 of its levels.

You collected 172 gold pieces.

Inventory:

Hand Weapons
 c - a +0 short sword (weapon)
Armour
 a - a +0 robe (worn)
 i - a +0 pair of boots (worn)
Jewellery
 d - a cursed amulet of inaccuracy (around neck)
 k - an uncursed ring of flight {unknown}
Wands
 g - a wand of iceblast (3)
Scrolls
 b - 4 scrolls of identify
 e - a scroll of magic mapping
 f - a scroll of fear
 h - a scroll of immolation {unknown}
 j - a scroll of remove curse {unknown}


   Skills:
 - Level 2.2 Dodging
 - Level 2.3 Stealth
 + Level 5.4 Spellcasting
 + Level 4.7 Summonings
 + Level 2.6 Air Magic


You had 2 spell levels left.
You knew the following spells:

 Your Spells              Type           Power        Failure   Level  Hunger
a - Summon Small Mammal   Summ           ###.         2%          1    N/A
b - Call Imp              Summ           ###.....     3%          2    N/A
c - Summon Lightning Spi  Summ/Air       ###.....     32%         4    N/A
d - Call Canine Familiar  Summ           ###.....     6%          3    N/A
e - Mephitic Cloud        Conj/Pois/Air  #.......     30%         3    N/A

Your spell library contained the following spells:

 Spells                   Type           Power        Failure   Level  Hunger
 Magic Dart               Conj           #...         14%         1    N/A
 Blink                    Tloc           N/A          22%         2    N/A
 Slow                     Hex            #.......     22%         2    N/A
 Summon Guardian Golem    Hex/Summ       ##......     17%         3    N/A
 Conjure Flame            Conj/Fire      #.......     41%         3    N/A
 Summon Ice Beast         Ice/Summ       ##......     50%         4    N/A

Dungeon Overview and Level Annotations

Branches:
Dungeon (5/15)
 Temple: D:4-7

Altars:
Nemelex Xobeh
Wu Jian
Xom
Yredelemnul

Shops:
D:5 !


Innate Abilities, Weirdness & Mutations

You do not eat or drink.
Your flesh is vulnerable to fire.
You are immune to poison.
Your flesh is cold resistant. (rC+)
You are immune to negative energy. (rN+++)
You are immune to unholy pain and torment.
You can survive without breathing.


Message History

The orc barely misses your white imp.
Your white imp barely misses the orc.
Your crimson imp hits the orc.
Your shadow imp closely misses something.
Your hound closely misses the orc wizard.
Your hound bites the orc wizard.
The orc closely misses your white imp.
The orc wizard hits your hound with a +0 dagger.
Your white imp hits the orc but does no damage.
Your crimson imp barely misses the orc.
Your shadow imp hits the orc wizard.
Something hits your hound.
Your hound bites something.
Casting: Mephitic Cloud (safe; 30% risk of failure)
Confirm with . or Enter, or press ? or * to list all spells.
You don't know that spell.
Casting: Mephitic Cloud (safe; 30% risk of failure)
Confirm with . or Enter, or press ? or * to list all spells.
A magic dart appears from out of thin air!
The magic dart hits you.
* * * LOW HITPOINT WARNING * * *
A puff of flame appears from out of thin air!
The puff of flame hits you! The fire burns you terribly!
You die...

....§.. .......
.......
.....55######
......o)5h..####.#
......).o.......#
.###########.###.#
#..# ##@## #h.#
##.#######
#.##....#
#..#....#
##.#....#
#......#.#
##.....#.#
#.....#.#


You could see a friendly hound.

Vanquished Creatures
  An adder (D:2)
  A leopard gecko (D:2)
  An orc (D:5)
  4 bats
  5 giant cockroaches
  2 hobgoblins
  5 kobolds
  A quokka (D:4)
  A frilled lizard (D:2)
  A rat (D:2)
22 creatures vanquished.

Vanquished Creatures (collateral kills)
  Sigmund (D:4)
  An ogre (D:3)
  4 slaves (D:4)
  A scorpion (D:4)
  A howler monkey (D:4)
  5 orc priests
  2 gnoll shamans (D:4)
  Jessica (D:3)
  An iguana (D:4)
  3 worker ants
  Ijyb (D:4)
  10 gnolls (D:4)
  6 adders
  An ooze (D:1)
  A dart slug (D:3)
  2 leopard geckos
  3 orcs
  A ball python (D:1)
  3 bats
  2 goblins
  2 kobolds (D:1)
  2 quokkas
  3 frilled lizards
  3 rats
60 creatures vanquished.

Grand Total: 82 creatures vanquished

Notes
Turn   | Place    | Note
-------+----------+-------------------------------------------
     0 | D:1      | night the Mummy Summoner began the quest for the Orb.
     0 | D:1      | Reached XP level 1. HP: 13/13 MP: 4/4
   135 | D:1      | Found a shimmering altar of Xom.
   555 | D:1      | Reached XP level 2. HP: 19/19 MP: 2/5
   557 | D:1      | Reached skill level 3 in Spellcasting
   642 | D:1      | Learned a level 2 spell: Call Imp
   906 | D:2      | Reached XP level 3. HP: 21/24 MP: 7/7
  1714 | D:2      | Found a sparkling altar of Nemelex Xobeh.
  1715 | D:2      | Found a basalt altar of Yredelemnul.
  1835 | D:2      | Reached XP level 4. HP: 20/30 MP: 6/9
  1841 | D:2      | Learned a level 4 spell: Summon Lightning Spire
  2283 | D:3      | Learned a level 3 spell: Call Canine Familiar
  2530 | D:3      | Found an ornate altar of the Wu Jian Council.
  2672 | D:3      | Noticed Jessica
  2684 | D:3      | Killed Jessica
  2974 | D:4      | Reached skill level 4 in Spellcasting
  2974 | D:4      | Reached skill level 1 in Air Magic
  2975 | D:4      | Reached XP level 5. HP: 35/35 MP: 6/11
  2981 | D:4      | Noticed an ogre
  3170 | D:3      | Killed an ogre
  3573 | D:4      | Reached XP level 6. HP: 29/41 MP: 7/13
  3756 | D:4      | Noticed Pikel
  3756 | D:4      | Noticed a slave
  3756 | D:4      | Noticed a slave
  3756 | D:4      | Noticed a slave
  3758 | D:4      | Noticed a slave
  3765 | D:4      | Killed a slave
  3769 | D:4      | Killed a slave
  3770 | D:4      | Killed a slave
  3770 | D:4      | Killed a slave
  4028 | D:4      | Noticed Ijyb
  4055 | D:4      | Killed Ijyb
  4055 | D:4      | Reached skill level 5 in Spellcasting
  4163 | D:4      | Noticed Sigmund
  4550 | D:4      | Killed Sigmund
  4750 | D:5      | Entered Level 5 of the Dungeon
  4755 | D:5      | Learned a level 3 spell: Mephitic Cloud
  4943 | D:5      | Found Jioji's Distillery.
  5216 | D:5      | Found a basalt altar of Yredelemnul.
  5295 | D:5      | Killed from afar by an orc wizard

Skill      XL: |  1  2  3  4  5  6 |
---------------+-------------------+-----
Spellcasting   | 3 4 5 |  5.4
Stealth        | 2 |  2.3
Dodging        | 2 |  2.2
Air Magic      | 1 2 |  2.6
Summonings     | 4 |  4.7

Action                   |  1- 3 |  4- 6 || total
-------------------------+-------+-------++-------
Melee: Unarmed           |    25 |       ||    25
       Short sword       |    62 |    84 ||   146
 Cast: Summon Small Mamm |    18 |     3 ||    21
       Call Imp          |    18 |    42 ||    60
       Summon Lightning  |       |     7 ||     7
       Call Canine Famil |       |    15 ||    15
  Use: Scroll            |     2 |     2 ||     4
 Stab: Sleeping          |     4 |       ||     4
Armor: Robe              |    30 |    18 ||    48
Dodge: Dodged            |    91 |    83 ||   174
